 Dungeon Crawl Stone Soup version 0.27-a0-92-g39ad13b146 (webtiles) character file.

Game seed: 10721804100172712

56 jasper the Cudgeller (level 4, -2/28 HPs)
             Began as a Kobold Fighter on Jan 15, 2021.
             Slain by a gnoll
             ... wielding a +0 flail
              (11 damage)
             ... on level 2 of the Dungeon.
             The game lasted 00:01:43 (1050 turns).

jasper the Cudgeller (Kobold Fighter)               Turns: 1050, Time: 00:01:43

Health: -2/28      AC:  7    Str: 13    XL:     4   Next: 15%
Magic:  4/4        EV:  8    Int:  9    God:
Gold:   64         SH:  8    Dex: 15    Spells: 3/3 levels left

rFire    . . .     SeeInvis .   a - +0 flail
rCold    . . .     Faith    .   c - +0 kite shield
rNeg     . . .     Spirit   .   b - +0 scale mail
rPois    .         Reflect  .   (no helmet)
rElec    .         Harm     .   (no cloak)
rCorr    .         Rampage  .   (no gloves)
Will     .....                  m - +0 pair of boots
Stlth    +.........             (no amulet)
HPRegen  0.09/turn              (no ring)
MPRegen  0.09/turn              (no ring)

@: mighty
A: small, nightstalker 3
a: no special abilities


You were on level 2 of the Dungeon.
You visited 1 branch of the dungeon, and saw 2 of its levels.

You collected 64 gold pieces.

Inventory:

Hand Weapons
 a - a +0 flail (weapon)
Missiles
 o - 22 bolts
Armour
 b - a +0 scale mail (worn)
 c - a +0 kite shield (worn)
 m - a +0 pair of boots (worn)
Jewellery
 l - a +6 ring of dexterity {unknown}
Scrolls
 f - a scroll of teleportation {unknown}
 g - a scroll of noise {unknown}
 i - a scroll of remove curse {unknown}
Potions
 e - 2 potions of haste {unknown}
 h - a potion of mutation {unknown}
 j - a potion of heal wounds {unknown}
 k - a potion of ambrosia {unknown}
 n - a potion of attraction {unknown}


   Skills:
 - Level 3.2 Fighting
 + Level 3.7 Maces & Flails
 - Level 2.4 Armour
 - Level 2.4 Shields


You had 3 spell levels left.
You didn't know any spells.
Your spell library was empty.

Dungeon Overview and Level Annotations

Branches:
Dungeon (2/15)

Altars:


Innate Abilities, Weirdness & Mutations

You are small and have problems with some larger weapons.
You are completely attuned to the shadows.


Message History

You hit the hobgoblin.
The hobgoblin is severely wounded.
The hobgoblin hits you but does no damage.
You block the rat's attack. The gnoll hits you with a +0 flail.
You block the kobold's attack. The hobgoblin hits you.
You take 6 damage, and have 21/28 hp.
MASSIVE DAMAGE!!
The gnoll hits you with a +0 flail!
You see here 27 sling bullets.
You take 10 damage, and have 11/28 hp.
MASSIVE DAMAGE!!
The kobold throws a stone.
The stone hits you but does no damage.
You see here a stone.
There is an open door here.
You feel very mighty all of a sudden. The rat bites you but does no damage.
You sock the rat!
You kill the rat!
The gnoll hits you with a +0 flail.
You take 2 damage, and have 9/28 hp.
You closely miss the gnoll. The gnoll hits you with a +0 flail!
You die...

#####.# #. #.# ..
#####.###. ##. #.........#
#. ...# #.##.#.#..# #..
.....## #.#.###...# #.#
.......## #.)## ##..# #.#
........####.).###...###.#
.......gg@......#.........
.....(.K####........####.#
.......## ##.####### #.#
#.....## #.# #.# ##...##
#.# #.# ##+## #.# #.# #.#
#)#


You could see a gnoll, a hobgoblin and a kobold.

Vanquished Creatures
  3 gnolls (D:2)
  An ooze (D:1)
  A dart slug (D:1)
  2 leopard geckos (D:1)
  A giant cockroach (D:1)
  2 hobgoblins
  4 jackals (D:2)
  A ball python (D:1)
  2 bats
  2 frilled lizards (D:1)
  3 rats
22 creatures vanquished.

Notes
Turn   | Place    | Note
-------+----------+-------------------------------------------
     0 | D:1      | jasper the Kobold Fighter began the quest for the Orb.
     0 | D:1      | Reached XP level 1. HP: 14/14 MP: 1/1
   147 | D:1      | You fall into a shaft and drop 1 floor!
   187 | D:1      | Reached XP level 2. HP: 19/19 MP: 2/2
   839 | D:2      | Reached XP level 3. HP: 23/23 MP: 3/3
  1010 | D:2      | Reached XP level 4. HP: 26/28 MP: 4/4
  1050 | D:2      | Slain by a gnoll

Illustrated notes

Levels and vault maps discovered:
D:1:      mainiacjoe_arrival_reflecting_pool, layout_rooms,
          chequers_serial_rivers_small_a
D:2:      layout_loops_corners, nicolae_overflow_hidden_temple, uniq_terence,
          uniq_sigmund

Skill      XL: |  1  2 |
---------------+-------+-----
Maces & Flails | 2 3 |  3.7
Fighting       | |  3.2
Armour         | |  2.4
Shields        | |  2.4

Action                   |  1- 3 |  4- 6 || total
-------------------------+-------+-------++-------
Melee: Flail             |    73 |     5 ||    78
  Use: Potion            |       |     1 ||     1
Armor: Scale mail        |    25 |     4 ||    29
Dodge: Dodged            |    29 |     2 ||    31
Block: Kite shield       |    34 |     4 ||    38

Table legend: (Time is in decaauts)
 A = Elapsed time spent in this place.
 B = Non-inter-level travel time spent in this place.
 C = Inter-level travel time spent in this place.
 D = Time resting spent in this place.
 E = Time spent auto-exploring this place.
 F = Levels seen in this place.
 G = Mean time per level.
                   A        B        C        D        E       F      G
               +--------+--------+--------+--------+--------+-----+--------+
         Total |   1080 |   1039 |     41 |     75 |    758 |   2 |  540.0 |
       Dungeon |   1080 |   1039 |     41 |     75 |    758 |   2 |  540.0 |
               +--------+--------+--------+--------+--------+-----+--------+

Top non-repeatable levels by time:
     D:1: 732 daAuts
     D:2: 348 daAuts
